[ AOE2 MATCH · #505312963 ]
UnrankedArmenians vs Tupi
Player's team · WIN
Rival team · LOSS
[ REPLAY ANALYSIS · EXTRACTED FROM THE RECORDED GAME ]
Feudal
9:23
Castle
24:11
Imperial
45:29
| APM avg | 109.6 |
| APM peak | 300 |
| eAPM avg | 74.7 |
| Villagers / military | 240 / 135 |
Focus
⚔️ 73.9% · 🌾 26.1%
Skirmisher ×79 · Scorpion ×24 · Militia ×12 · Monk ×11 · Mangonel ×4 · Trebuchet (Packed) ×4
Feudal
10:30
Castle
15:24
Imperial
43:05
| APM avg | 57.8 |
| APM peak | 101 |
| eAPM avg | 26.3 |
| Villagers / military | 76 / 21 |
Focus
⚔️ 38.7% · 🌾 61.3%
Unknown (2579) ×103 · Monk ×9 · Mangonel ×7 · Trebuchet (Packed) ×3 · Petard ×1 · Battering Ram ×1
Match map
Initial resources + every placement click. Lines = walls · curves = elevation contours. ◆ gold · ⬟ stone · ● berries · ✦ relic · ◌ wall gap
Your base· ✓ Closed at 24:11 · 23t walls · 1 gate(s)
Tom Tucker's base· Open — unwalled flank
Smoothed initial terrain · ◌ = detected wall gap · hover for details
Inputs per minute
— RoR | Hellequinn - - Tom Tucker
Build order — RoR | Hellequinn
First 150 of 617 actions detected
| 0:00 | Queue | Villager (Male) |
| 0:01 | Queue | Villager (Male) |
| 0:02 | Build | House |
| 0:03 | Build | House |
| 0:06 | Queue | Villager (Male) |
| 0:07 | Queue | Villager (Male) |
| 1:23 | Queue | Villager (Male) |
| 2:03 | Queue | Villager (Male) |
| 2:04 | Queue | Villager (Male) |
| 2:26 | Queue | Villager (Male) |
| 2:33 | Build | Mule Cart |
| 2:44 | Queue | Villager (Male) |
| 3:07 | Queue | Villager (Male) |
| 3:36 | Queue | Villager (Male) |
| 3:53 | Build | House |
| 3:58 | Queue | Villager (Male) |
| 3:59 | Queue | Villager (Male) |
| 4:31 | Queue | Villager (Male) |
| 4:35 | Queue | Villager (Male) |
| 5:14 | Build | Barracks |
| 5:20 | Queue | Villager (Male) |
| 5:31 | Build | House |
| 6:11 | Build | Palisade Wall |
| 6:14 | Queue | Villager (Male) |
| 6:44 | Research | Loom |
| 7:01 | Queue | Militia |
| 7:08 | Research | Feudal Age |
| 7:33 | Queue | Militia |
| 7:58 | Build | Mule Cart |
| 8:05 | Queue | Militia |
| 8:20 | Queue | Villager (Male) |
| 8:39 | Build | Mule Cart |
| 8:51 | Queue | Militia |
| 9:10 | Queue | Villager (Male) |
| 9:16 | Build | House |
| 9:23 | Age | Feudal Age |
| 9:47 | Queue | Militia |
| 9:50 | Research | Man-at-Arms (upgrade) |
| 10:03 | Build | Mill |
| 10:10 | Queue | Villager (Male) |
| 10:14 | Queue | Villager (Male) |
| 10:16 | Build | House |
| 10:25 | Queue | Villager (Male) |
| 10:29 | Build | Farm |
| 10:50 | Build | Palisade Wall |
| 11:04 | Queue | Villager (Male) |
| 11:05 | Queue | Villager (Male) |
| 11:10 | Build | Farm |
| 11:21 | Research | Long Swordsman (upgrade) |
| 11:43 | Build | Farm |
| 11:49 | Build | Watch Tower |
| 11:54 | Build | Farm |
| 11:57 | Queue | Villager (Male) |
| 12:14 | Queue | Villager (Male) |
| 12:37 | Queue | Villager (Male) |
| 12:45 | Queue | Militia |
| 12:45 | Queue | Militia |
| 12:51 | Build | Farm |
| 13:03 | Queue | Villager (Male) |
| 13:11 | Build | Farm |
| 13:19 | Research | Arson |
| 13:42 | Build | Farm |
| 13:47 | Build | Farm |
| 13:48 | Build | Farm |
| 13:51 | Queue | Militia |
| 13:51 | Queue | Militia |
| 13:51 | Queue | Militia |
| 14:12 | Queue | Villager (Male) |
| 14:16 | Build | House |
| 14:16 | Queue | Villager (Male) |
| 14:17 | Build | House |
| 14:20 | Queue | Villager (Male) |
| 15:03 | Build | Farm |
| 15:04 | Queue | Villager (Male) |
| 15:18 | Queue | Villager (Male) |
| 15:27 | Queue | Villager (Male) |
| 15:45 | Queue | Militia |
| 15:45 | Queue | Militia |
| 16:04 | Build | Market |
| 16:08 | Queue | Villager (Male) |
| 16:12 | Queue | Villager (Male) |
| 16:15 | Queue | Villager (Male) |
| 16:18 | Queue | Villager (Male) |
| 16:27 | Queue | Villager (Male) |
| 16:27 | Queue | Villager (Male) |
| 16:33 | Queue | Villager (Male) |
| 16:38 | Queue | Villager (Male) |
| 17:00 | Build | Stone Wall |
| 17:18 | Build | Stone Wall |
| 17:20 | Build | Stone Wall |
| 17:24 | Build | Watch Tower |
| 17:32 | Build | Watch Tower |
| 17:45 | Queue | Villager (Male) |
| 17:48 | Queue | Villager (Male) |
| 17:48 | Queue | Villager (Male) |
| 17:56 | Queue | Villager (Male) |
| 17:59 | Build | Stone Wall |
| 18:12 | Build | Farm |
| 18:13 | Queue | Villager (Male) |
| 18:28 | Queue | Villager (Male) |
| 18:31 | Build | Stone Wall |
| 18:32 | Queue | Villager (Male) |
| 18:32 | Queue | Villager (Male) |
| 18:38 | Build | Gate |
| 18:39 | Build | House |
| 18:40 | Build | House |
| 18:46 | Queue | Villager (Male) |
| 19:18 | Queue | Villager (Male) |
| 19:22 | Queue | Villager (Male) |
| 19:27 | Queue | Villager (Male) |
| 19:28 | Build | Farm |
| 19:29 | Queue | Villager (Male) |
| 19:29 | Queue | Villager (Male) |
| 19:30 | Build | Mule Cart |
| 19:33 | Queue | Villager (Male) |
| 19:49 | Build | Farm |
| 20:13 | Build | Blacksmith |
| 20:30 | Build | Farm |
| 20:53 | Build | Stone Wall |
| 21:16 | Build | Farm |
| 21:31 | Research | Castle Age |
| 21:42 | Build | Farm |
| 21:51 | Build | Farm |
| 21:51 | Build | Farm |
| 22:14 | Build | Farm |
| 22:22 | Build | Farm |
| 22:23 | Build | Farm |
| 22:24 | Queue | Villager (Male) |
| 22:31 | Research | Double-Bit Axe |
| 22:31 | Research | Double-Bit Axe |
| 22:40 | Research | Gold Mining |
| 22:48 | Build | Farm |
| 22:54 | Build | Farm |
| 23:14 | Research | Horse Collar |
| 23:29 | Build | Farm |
| 23:46 | Queue | Villager (Male) |
| 24:11 | Age | Castle Age |
| 24:12 | Build | Siege Workshop |
| 24:14 | Research | Bow Saw |
| 24:15 | Queue | Villager (Male) |
| 24:36 | Research | Gold Shaft Mining |
| 24:37 | Queue | Villager (Male) |
| 24:49 | Build | Monastery |
| 24:57 | Queue | Scorpion |
| 24:59 | Queue | Villager (Male) |
| 25:13 | Queue | Villager (Male) |
| 25:18 | Queue | Villager (Male) |
| 25:24 | Queue | Monk |
| 25:26 | Queue | Villager (Male) |
| 25:27 | Queue | Scorpion |
Build order — Tom Tucker
First 150 of 267 actions detected
| 0:00 | Queue | Villager (Male) |
| 0:00 | Queue | Villager (Male) |
| 0:02 | Build | House |
| 0:03 | Build | House |
| 0:09 | Queue | Villager (Male) |
| 0:09 | Queue | Villager (Male) |
| 1:02 | Queue | Villager (Male) |
| 1:27 | Queue | Villager (Male) |
| 1:59 | Queue | Villager (Male) |
| 2:10 | Build | Settlement |
| 2:25 | Queue | Villager (Male) |
| 3:14 | Queue | Villager (Male) |
| 3:25 | Queue | Villager (Male) |
| 3:38 | Queue | Villager (Male) |
| 4:00 | Queue | Villager (Male) |
| 4:40 | Queue | Villager (Male) |
| 5:06 | Build | Settlement |
| 5:20 | Queue | Villager (Male) |
| 5:40 | Queue | Villager (Male) |
| 5:59 | Queue | Villager (Male) |
| 6:08 | Queue | Villager (Male) |
| 7:02 | Build | Outpost |
| 7:03 | Queue | Villager (Male) |
| 7:05 | Build | Settlement |
| 7:19 | Build | Settlement |
| 7:24 | Build | Settlement |
| 7:27 | Queue | Villager (Male) |
| 7:31 | Research | Loom |
| 8:19 | Research | Feudal Age |
| 8:45 | Queue | Villager (Male) |
| 8:45 | Queue | Villager (Male) |
| 9:08 | Build | Palisade Wall |
| 9:10 | Build | Palisade Wall |
| 9:12 | Build | Palisade Wall |
| 9:21 | Build | Palisade Wall |
| 10:30 | Age | Feudal Age |
| 10:32 | Build | Market |
| 10:34 | Build | Blacksmith |
| 11:14 | Build | Palisade Wall |
| 12:44 | Research | Castle Age |
| 14:30 | Build | Farm |
| 14:31 | Build | Farm |
| 14:40 | Build | Farm |
| 14:43 | Build | Farm |
| 14:48 | Build | Farm |
| 14:58 | Build | Farm |
| 15:03 | Build | Farm |
| 15:24 | Age | Castle Age |
| 15:44 | Build | Castle |
| 16:06 | Build | Castle |
| 17:50 | Queue | Unit 2579 |
| 17:50 | Queue | Unit 2579 |
| 18:44 | Research | Fletching |
| 20:00 | Queue | Villager (Male) |
| 20:23 | Queue | Villager (Male) |
| 20:27 | Queue | Unit 2579 |
| 20:55 | Queue | Villager (Male) |
| 21:15 | Queue | Villager (Male) |
| 21:18 | Queue | Unit 2579 |
| 21:44 | Build | Settlement |
| 22:05 | Queue | Unit 2579 |
| 22:06 | Queue | Villager (Male) |
| 22:08 | Queue | Unit 2579 |
| 22:09 | Queue | Villager (Male) |
| 22:18 | Queue | Petard |
| 22:34 | Queue | Unit 2579 |
| 22:53 | Queue | Villager (Male) |
| 22:54 | Queue | Unit 2579 |
| 23:07 | Queue | Unit 2579 |
| 23:15 | Queue | Unit 2579 |
| 23:17 | Queue | Villager (Male) |
| 23:36 | Queue | Unit 2579 |
| 23:36 | Queue | Unit 2579 |
| 23:43 | Queue | Villager (Male) |
| 23:45 | Queue | Unit 2579 |
| 24:02 | Queue | Unit 2579 |
| 24:17 | Queue | Villager (Male) |
| 24:26 | Build | Monastery |
| 24:31 | Queue | Unit 2579 |
| 24:47 | Queue | Unit 2579 |
| 24:48 | Queue | Villager (Male) |
| 25:05 | Queue | Unit 2579 |
| 25:06 | Queue | Villager (Male) |
| 25:17 | Queue | Monk |
| 25:30 | Queue | Unit 2579 |
| 25:31 | Queue | Villager (Male) |
| 25:39 | Build | Farm |
| 25:40 | Build | Farm |
| 25:51 | Queue | Unit 2579 |
| 25:51 | Queue | Unit 2579 |
| 26:08 | Queue | Villager (Male) |
| 26:09 | Queue | Villager (Male) |
| 26:16 | Build | Farm |
| 26:23 | Build | Siege Workshop |
| 26:35 | Build | House |
| 26:38 | Queue | Unit 2579 |
| 26:38 | Queue | Unit 2579 |
| 26:40 | Queue | Villager (Male) |
| 26:52 | Queue | Monk |
| 26:54 | Queue | Villager (Male) |
| 27:03 | Build | Farm |
| 27:13 | Build | Farm |
| 27:55 | Queue | Mangonel |
| 28:28 | Queue | Monk |
| 28:28 | Queue | Villager (Male) |
| 28:36 | Queue | Villager (Male) |
| 28:43 | Queue | Unit 2579 |
| 28:55 | Queue | Villager (Male) |
| 29:05 | Build | House |
| 29:06 | Build | Market |
| 29:31 | Research | Bodkin Arrow |
| 29:32 | Queue | Unit 2579 |
| 29:33 | Queue | Villager (Male) |
| 29:55 | Queue | Unit 2579 |
| 30:03 | Queue | Unit 2579 |
| 30:19 | Queue | Villager (Male) |
| 30:23 | Build | House |
| 30:23 | Build | House |
| 30:26 | Build | House |
| 30:30 | Queue | Villager (Male) |
| 30:32 | Queue | Unit 2579 |
| 30:49 | Research | Redemption |
| 30:49 | Research | Redemption |
| 31:09 | Queue | Mangonel |
| 31:19 | Queue | Unit 2579 |
| 31:39 | Queue | Unit 2579 |
| 32:16 | Queue | Unit 2579 |
| 32:16 | Queue | Unit 2579 |
| 32:17 | Queue | Mangonel |
| 32:18 | Queue | Villager (Male) |
| 32:19 | Queue | Monk |
| 32:41 | Queue | Unit 2579 |
| 32:42 | Queue | Unit 2579 |
| 32:49 | Queue | Unit 2579 |
| 32:52 | Queue | Monk |
| 32:54 | Queue | Unit 2579 |
| 33:08 | Queue | Villager (Male) |
| 33:08 | Queue | Villager (Male) |
| 33:12 | Build | Farm |
| 33:14 | Build | Farm |
| 33:18 | Queue | Unit 2579 |
| 33:18 | Queue | Unit 2579 |
| 33:22 | Queue | Unit 2579 |
| 33:23 | Queue | Villager (Male) |
| 33:46 | Queue | Unit 2579 |
| 33:46 | Queue | Unit 2579 |
| 33:51 | Queue | Mangonel |
| 33:53 | Queue | Villager (Male) |
| 34:11 | Queue | Monk |
| 34:40 | Queue | Unit 2579 |
Match timeline
| 5:14 | RoR | Hellequinn · first_building Barracks |
| 6:11 | RoR | Hellequinn · wall_segment Palisade Wall x1 |
| 9:08 | Tom Tucker · wall_segment Palisade Wall x1 |
| 9:10 | Tom Tucker · wall_segment Palisade Wall x1 |
| 9:12 | Tom Tucker · wall_segment Palisade Wall x1 |
| 9:21 | Tom Tucker · wall_segment Palisade Wall x1 |
| 9:23 | RoR | Hellequinn · age_up feudal |
| 10:30 | Tom Tucker · age_up feudal |
| 10:50 | RoR | Hellequinn · wall_segment Palisade Wall x3 |
| 11:14 | Tom Tucker · wall_segment Palisade Wall x5 |
| 11:58 | Tom Tucker · first_market_sell 100 wood |
| 13:52 | Tom Tucker · first_market_buy 100 stone |
| 15:24 | Tom Tucker · age_up castle |
| 15:44 | Tom Tucker · first_building Castle |
| 17:00 | RoR | Hellequinn · wall_segment Stone Wall x1 |
| 17:06 | RoR | Hellequinn · first_market_sell 500 wood |
| 17:11 | RoR | Hellequinn · first_market_buy 100 stone |
| 17:18 | RoR | Hellequinn · wall_segment Stone Wall x1 |
| 17:20 | RoR | Hellequinn · wall_segment Stone Wall x1 |
| 17:59 | RoR | Hellequinn · wall_segment Stone Wall x1 |
| 18:31 | RoR | Hellequinn · wall_segment Stone Wall x15 |
| 20:53 | RoR | Hellequinn · wall_segment Stone Wall x1 |
| 24:11 | RoR | Hellequinn · age_up castle |
| 24:12 | RoR | Hellequinn · first_building Siege Workshop |
| 24:26 | Tom Tucker · first_building Monastery |
| 24:49 | RoR | Hellequinn · first_building Monastery |
| 26:23 | Tom Tucker · first_building Siege Workshop |
| 26:25 | RoR | Hellequinn · wall_segment Stone Wall x1 |
| 26:25 | RoR | Hellequinn · wall_segment Stone Wall x1 |
| 37:55 | RoR | Hellequinn · first_building Archery Range |
| 43:05 | Tom Tucker · age_up imperial |
| 45:29 | RoR | Hellequinn · age_up imperial |
| 48:21 | RoR | Hellequinn · first_building Castle |
| 52:25 | Tom Tucker · resign |
[ AI ANALYSIS · 1 CREDIT ]
What really happened in this match?
Wolo.gg analyzes every decision: build order, eco, micro, common mistakes by bracket. Personalized analysis on WhatsApp or Discord in 30 seconds.
Civ guide
Armenians
Perfil
Jugador #605947